 Dungeon Crawl Stone Soup version 0.27-a0-124-g19cb506db8 (webtiles) character file.

Game seed: 2675352830168947350

346 knot the Chopper (level 6, 63/70 HPs)
             Began as a Demonspawn Berserker on Jan 26, 2021.
             Was a Believer of Trog.
             Quit the game on level 3 of the Dungeon.
             The game lasted 00:02:23 (2578 turns).

knot the Chopper (Demonspawn Berserker)             Turns: 2578, Time: 00:02:24

Health: 63/70      AC:  5    Str: 18    XL:     6   Next: 32%
Magic:  6/6        EV: 12    Int: 10    God:    Trog [**....]
Gold:   89         SH:  0    Dex: 12    Spells: 5/5 levels left

rFire    . . .     SeeInvis .   a - +0 hand axe
rCold    . . .     Faith    .   (no shield)
rNeg     . . .     Spirit   +   b - +0 animal skin
rPois    .         Reflect  .   (helmet restricted)
rElec    .         Harm     .   (no cloak)
rCorr    .         Rampage  .   (no gloves)
Will     ++...                  i - +2 pair of boots
Stlth    ..........             (no amulet)
HPRegen  1.21/turn              (no ring)
MPRegen  0.10/turn              (no ring)

@: berserking, regenerating, very quick
A: horns 1, powered by pain 1, magic shield
a: Renounce Religion, Berserk, Trog's Hand


You were on level 3 of the Dungeon.
You worshipped Trog.
Trog was pleased with you.
You visited 1 branch of the dungeon, and saw 3 of its levels.

You collected 89 gold pieces.

Inventory:

Hand Weapons
 a - a +0 hand axe (weapon)
Missiles
 d - 35 sling bullets
 h - 69 stones
 m - 4 throwing nets
 o - 10 poisoned darts (quivered)
Armour
 b - a +0 animal skin (worn)
 i - a +2 pair of boots (worn)
Scrolls
 c - a scroll of enchant weapon {unknown}
 e - 2 scrolls of remove curse {unknown}
 f - 3 scrolls of teleportation {unknown}
 g - 2 scrolls of random uselessness {unknown}
 k - a scroll of enchant armour {unknown}
Potions
 j - a potion of might
 l - a potion of mutation {unknown}
 n - a potion of flight {unknown}


   Skills:
 - Level 3.0 Fighting
 * Level 5.8 Axes
 * Level 2.6 Throwing
 - Level 1.7 Armour
 - Level 1.7 Dodging


You had 5 spell levels left.
You didn't know any spells.
Your spell library was empty.

Dungeon Overview and Level Annotations

Branches:
Dungeon (3/15)

Altars:
Nemelex Xobeh
Trog


Innate Abilities, Weirdness & Mutations

You have a pair of small horns on your head.
You sometimes gain a little power by taking damage.
When hurt, damage is shared between your health and your magic reserves.


Message History

Grinder is moderately wounded.
Grinder hits you but does no damage.
You slash Grinder! You headbutt Grinder.
Grinder is severely wounded.
You slash Grinder!
Grinder is almost dead.
Grinder hits you.
You barely miss Grinder. Your headbutt misses Grinder.
Grinder is almost dead.
Grinder barely misses you.
You slash Grinder!
You kill Grinder!
Trog accepts your kill.
Your Throwing skill gained 2 levels and is now at level 2!
You have reached level 6!
Your experience leads to an increase in your attributes!
Increase (S)trength, (I)ntelligence, or (D)exterity?
You feel clever.
Your demonic ancestry asserts itself...
You feel energised by your suffering.
Are you sure you want to abandon this character and quit the game? (Confirm with "yes".)

#.#........#.###.#.#......#
#.#........#.###.#...#+####
#.#.........................
#.#........#.........#.#####
...........#####..........
#.#....... #.#.#.#.###
#.###..### #.#.#.#.#
#.###..# #.#.#.# #
#......### #@#.#.#
#####....# #.#.#.#
#####..#.### #.#.#
<..................#
######.#.........(....
.#########.###.## .# #.# #
## #(# #.#


There were no monsters in sight!

Vanquished Creatures
  Grinder (D:3)
  4 adders
  4 gnolls (D:2)
  2 worms
  2 dart slugs (D:1)
  7 bats
  A giant cockroach (D:3)
  10 goblins
  10 hobgoblins
  6 jackals
  3 kobolds (D:2)
  2 quokkas
  4 frilled lizards
  5 rats
61 creatures vanquished.

Notes
Turn   | Place    | Note
-------+----------+-------------------------------------------
     0 | D:1      | knot the Demonspawn Berserker began the quest for the Orb.
     0 | D:1      | Reached XP level 1. HP: 18/18 MP: 1/1
    57 | D:1      | Reached skill level 3 in Axes
   110 | D:1      | Found a sparkling altar of Nemelex Xobeh.
   126 | D:1      | Gained mutation: You have a pair of small horns on your
                  | head. [demonic ancestry]
   126 | D:1      | Reached XP level 2. HP: 19/24 MP: 2/2
  1046 | D:2      | Reached ** piety under Trog
  1132 | D:2      | Gained mutation: When hurt, damage is shared between your
                  | health and your magic reserves. [demonic ancestry]
  1132 | D:2      | Reached XP level 3. HP: 29/29 MP: 3/3
  1300 | D:2      | Reached skill level 4 in Axes
  1728 | D:2      | Found a bloodstained altar of Trog.
  2003 | D:2      | Reached XP level 4. HP: 35/35 MP: 4/4
  2079 | D:2      | Reached skill level 5 in Axes
  2436 | D:3      | Reached XP level 5. HP: 36/41 MP: 5/5
  2514 | D:3      | Noticed Grinder
  2577 | D:3      | Killed Grinder
  2578 | D:3      | Gained mutation: You sometimes gain a little power by
                  | taking damage. [demonic ancestry]
  2578 | D:3      | Reached XP level 6. HP: 47/47 MP: 6/6
  2578 | D:3      | Quit the game

Illustrated notes

Levels and vault maps discovered:
D:1:      heliophobic_arrival_glass_houses, layout_loops_ring,
          chequers_serial_rivers_micro_e, nemelex_xobeh_ov_fountains_minmay
D:2:      layout_loops_corners, bloody_trog
D:3:      layout_basic, lemuel_zombie_altar_kikubaaqudgha, uniq_grinder,
          uniq_natasha

Skill      XL: |  1  2  3  4  5 |
---------------+----------------+-----
Axes           | 3 4 5 |  5.8
Throwing       | 2 |  2.6
Fighting       | |  3.0
Armour         | |  1.7
Dodging        | |  1.7

Action                   |  1- 3 |  4- 6 || total
-------------------------+-------+-------++-------
Melee: Hand axe          |    86 |    60 ||   146
       Headbutt          |    14 |     7 ||    21
Throw: Dart              |       |     5 ||     5
Invok: Berserk           |     1 |     3 ||     4
       Trog's Hand       |       |     2 ||     2
Armor: Animal skin       |    21 |    26 ||    47
Dodge: Dodged            |    54 |    44 ||    98

Table legend: (Time is in decaauts)
 A = Elapsed time spent in this place.
 B = Non-inter-level travel time spent in this place.
 C = Inter-level travel time spent in this place.
 D = Time resting spent in this place.
 E = Time spent auto-exploring this place.
 F = Levels seen in this place.
 G = Mean time per level.
                   A        B        C        D        E       F      G
               +--------+--------+--------+--------+--------+-----+--------+
         Total |   2616 |   2523 |     93 |    144 |   2030 |   3 |  872.0 |
       Dungeon |   2616 |   2523 |     93 |    144 |   2030 |   3 |  872.0 |
               +--------+--------+--------+--------+--------+-----+--------+

Top non-repeatable levels by time:
     D:2: 1371 daAuts
     D:1: 982 daAuts
     D:3: 262 daAuts
